 Dungeon Crawl Stone Soup version 0.23.2-33-g5129a83184 (webtiles) character file.

Game seed: 143642307119204297

125 Ivernyr the Magician (level 5, -6/37 HPs)
             Began as a Gnoll Wizard on July 12, 2019.
             Mangled by an orc
             ... wielding a +0 flail
              (10 damage)
             ... on level 2 of the Dungeon.
             The game lasted 00:07:43 (2768 turns).

Ivernyr the Magician (Gnoll Wizard)                 Turns: 2768, Time: 00:07:44

Health: -6/37      AC:  2    Str: 10    XL:     5   Next: 9%
Magic:  4/14       EV: 14    Int: 21    God:
Gold:   50         SH:  0    Dex: 13    Spells: 7/18 levels left

rFire    . . .     SeeInvis .   f - +0 spear
rCold    . . .     Gourm    .   (no shield)
rNeg     . . .     Faith    .   a - +0 robe
rPois    .         Spirit   .   b - +0 hat
rElec    .         Reflect  .   (no cloak)
rCorr    .         Harm     .   (no gloves)
MR       .....                  (no boots)
Stlth    ++........             (no amulet)
HPRegen  0.12/turn              (no ring)
MPRegen  0.14/turn              (no ring)

@: lightly drained
A: distributed training, fangs 1, strong nose
a: no special abilities


You were on level 2 of the Dungeon.
You were very hungry.

You visited 1 branch of the dungeon, and saw 3 of its levels.

You collected 50 gold pieces.

Inventory:

Hand Weapons
 f - a +0 spear (weapon)
Armour
 a - a +0 robe (worn)
 b - a +0 hat (worn)
Scrolls
 c - a scroll of teleportation {unknown}
 e - a scroll of enchant weapon {unknown}
 h - a scroll of identify {unknown}
 i - a scroll of noise {unknown}
 j - a scroll of amnesia {unknown}
Potions
 g - 2 potions of invisibility {unknown}
Comestibles
 d - 4 rations


   Skills:
 + Level 1.3(0.8) Fighting
 + Level 1.3(0.8) Short Blades
 + Level 1.3(0.8) Long Blades
 + Level 1.3(0.8) Axes
 + Level 1.3(0.8) Maces & Flails
 + Level 1.3(0.8) Polearms
 + Level 1.3(0.8) Staves
 + Level 1.3(0.8) Slings
 + Level 1.3(0.8) Bows
 + Level 1.3(0.8) Crossbows
 + Level 1.3(0.8) Throwing
 + Level 1.3(0.8) Armour
 + Level 4.7(4.2) Dodging
 + Level 4.3(3.8) Stealth
 + Level 1.3(0.8) Shields
 + Level 1.3(0.8) Unarmed Combat
 + Level 7.2(6.7) Spellcasting
 + Level 2.3(1.8) Conjurations
 + Level 1.0(0.6) Hexes
 + Level 1.0(0.6) Charms
 + Level 2.3(1.8) Summonings
 + Level 1.0(0.6) Necromancy
 + Level 2.3(1.8) Translocations
 + Level 1.0(0.6) Transmutations
 + Level 1.0(0.6) Fire Magic
 + Level 1.0(0.6) Ice Magic
 + Level 1.0(0.6) Air Magic
 + Level 1.0(0.6) Earth Magic
 + Level 1.0(0.6) Poison Magic
 + Level 1.4(1.0) Invocations
 + Level 1.3(0.8) Evocations


You had 7 spell levels left.
You knew the following spells:

 Your Spells              Type           Power        Failure   Level  Hunger
a - Magic Dart            Conj           ##..         4%          1    None
b - Blink                 Tloc           N/A          6%          2    None
c - Conjure Flame         Conj/Fire      ##......     16%         3    #......
d - Mephitic Cloud        Conj/Pois/Air  ##......     19%         3    #......
e - Call Imp              Summ           ##......     6%          2    None

Your spell library contained the following spells:

 Spells                   Type           Power        Failure   Level  Hunger
 Slow                     Hex            #.......     11%         2    None


Dungeon Overview and Level Annotations

Branches:
Dungeon (3/15)

Altars:


Innate Abilities, Weirdness & Mutations

Your experience applies equally to all skills.
You have very sharp teeth.
Your uncanny sense of smell can sniff out nearby items.


Message History

Casting: Magic Dart (safe; 4% risk of failure)
Confirm with . or Enter, or press ? or * to list all spells.
You don't know that spell.
Casting: Magic Dart (safe; 4% risk of failure)
Confirm with . or Enter, or press ? or * to list all spells.
Aiming: Magic Dart (safe; 4% risk of failure)
Press: ? - help, Shift-Dir - straight line, f/p - orc
Aim: an orc, wielding a +0 flail and wearing a +0 ring mail (moderately wounded)
The magic dart hits the orc but does no damage.
The orc is moderately wounded.
The orc closely misses you.
Casting: Magic Dart (safe; 4% risk of failure)
Confirm with . or Enter, or press ? or * to list all spells.
Aiming: Magic Dart (safe; 4% risk of failure)
Press: ? - help, Shift-Dir - straight line, f/p - orc
Aim: an orc, wielding a +0 flail and wearing a +0 ring mail (moderately wounded)
The magic dart hits the orc.
The orc is heavily wounded.
The orc hits you with a +0 flail!
You die...

#†###.# # #.#
#.# # #.# #.#
# #.# #.# #
#.# #.## #
#.# #..# #.#
##.# #)# #.#
#@# #.####
#o# #....#
#.#
####.########
#.#
#...........
#.#
#.#.########
#.#####.#.#
#.......#.#
##.######.#
#.## #.# ##


You could see an orc.

Vanquished Creatures
  3 gnolls (D:2)
  2 adders (D:2)
  An ooze (D:2)
  4 worms
  A dart slug (D:1)
  2 leopard geckos
  3 giant cockroaches (D:1)
  10 goblins
  6 hobgoblins
  7 jackals (D:2)
  6 kobolds
  A quokka (D:2)
  A ball python (D:1)
  5 bats
  A frilled lizard (D:1)
  5 rats
58 creatures vanquished.

Notes
Turn   | Place    | Note
-------+----------+-------------------------------------------
     0 | D:1      | Ivernyr the Gnoll Wizard began the quest for the Orb.
     0 | D:1      | Reached XP level 1. HP: 13/13 MP: 8/8
   158 | D:1      | Reached XP level 2. HP: 19/19 MP: 2/10
   450 | D:1      | Learned a level 2 spell: Blink
   743 | D:1      | Reached XP level 3. HP: 25/25 MP: 8/11
   771 | D:1      | Learned a level 3 spell: Conjure Flame
   775 | D:1      | Learned a level 3 spell: Mephitic Cloud
   778 | D:1      | Learned a level 2 spell: Call Imp
  1380 | D:2      | Reached skill level 1 in Invocations
  1631 | D:2      | Reached skill level 1 in Fighting
  1631 | D:2      | Reached skill level 1 in Short Blades
  1631 | D:2      | Reached skill level 1 in Long Blades
  1631 | D:2      | Reached skill level 1 in Axes
  1631 | D:2      | Reached skill level 1 in Maces & Flails
  1631 | D:2      | Reached skill level 1 in Polearms
  1631 | D:2      | Reached skill level 1 in Staves
  1631 | D:2      | Reached skill level 1 in Slings
  1631 | D:2      | Reached skill level 1 in Bows
  1631 | D:2      | Reached skill level 1 in Crossbows
  1631 | D:2      | Reached skill level 1 in Throwing
  1631 | D:2      | Reached skill level 1 in Armour
  1631 | D:2      | Reached skill level 1 in Shields
  1631 | D:2      | Reached skill level 1 in Unarmed Combat
  1631 | D:2      | Reached skill level 1 in Evocations
  1631 | D:2      | Reached XP level 4. HP: 32/32 MP: 8/13
  2000 | D:2      | Reached skill level 1 in Hexes
  2000 | D:2      | Reached skill level 1 in Charms
  2000 | D:2      | Reached skill level 1 in Necromancy
  2000 | D:2      | Reached skill level 1 in Transmutations
  2000 | D:2      | Reached skill level 1 in Fire Magic
  2000 | D:2      | Reached skill level 1 in Ice Magic
  2000 | D:2      | Reached skill level 1 in Air Magic
  2000 | D:2      | Reached skill level 1 in Earth Magic
  2000 | D:2      | Reached skill level 1 in Poison Magic
  2535 | D:2      | Reached XP level 5. HP: 37/37 MP: 8/14
  2768 | D:2      | Mangled by an orc

Skill      XL: |  1  2  3  4 |
---------------+-------------+-----
Conjurations   | 2 |  2.3
Summonings     | 2 |  2.3
Translocations | 2 |  2.3
Invocations    | 1 |  1.4
Fighting       | 1 |  1.3
Short Blades   | 1 |  1.3
Long Blades    | 1 |  1.3
Axes           | 1 |  1.3
Maces & Flails | 1 |  1.3
Polearms       | 1 |  1.3
Staves         | 1 |  1.3
Slings         | 1 |  1.3
Bows           | 1 |  1.3
Crossbows      | 1 |  1.3
Throwing       | 1 |  1.3
Armour         | 1 |  1.3
Shields        | 1 |  1.3
Unarmed Combat | 1 |  1.3
Evocations     | 1 |  1.3
Hexes          | 1 |  1.0
Charms         | 1 |  1.0
Necromancy     | 1 |  1.0
Transmutations | 1 |  1.0
Fire Magic     | 1 |  1.0
Ice Magic      | 1 |  1.0
Air Magic      | 1 |  1.0
Earth Magic    | 1 |  1.0
Poison Magic   | 1 |  1.0
Dodging        | |  4.7
Stealth        | |  4.3
Spellcasting   | |  7.2

Action                   |  1- 3 |  4- 6 || total
-------------------------+-------+-------++-------
Melee: Unarmed           |    15 |       ||    15
       Spear             |    10 |     1 ||    11
 Cast: Magic Dart        |    94 |    77 ||   171
       Conjure Flame     |     1 |       ||     1
       Mephitic Cloud    |       |     1 ||     1
 Stab: Confused          |       |     1 ||     1
  Eat: Chunk             |     2 |     2 ||     4
Armor: Robe              |     5 |     5 ||    10
Dodge: Dodged            |    26 |    50 ||    76
